 Dungeon Crawl Stone Soup version 0.31-a0-1576-ga3383bade6 (webtiles) character file.

Game seed: 5127451391704188911

1638 Crabhammer the Martial Artist (level 8, 0/52 HPs)
             Began as an Octopode Shapeshifter on Dec 28, 2023.
             Was a Follower of Wu Jian.
             Engulfed by a cloud of steam (12 damage)
             ... on level 6 of the Dungeon on Jan 5, 2024.
             The game lasted 00:28:48 (5803 turns).

Crabhammer the Martial Artist (OpSh)                Turns: 5803, Time: 00:28:48

Health: 0/52       AC:  1    Str: 13    XL:     8   Next: 98%
Magic:  8/8        EV: 14    Int: 13    God:    Wu Jian [*.....]
Gold:   338        SH:  4    Dex: 13    Spells: 7/7 levels left

rFire   . .          .
                       - Unarmed
rCold   . . .        m - +0 buckler
rNeg    . . .        (helmet currently unavailable)
rPois   .            (no amulet)
rElec   .            u - ring of flight
rCorr   .            (no ring)
SInv    .            (no ring)
Will    .....        (no ring)
Stlth   ++++         (no ring)
HPRegen 0.28/turn    (no ring)
MPRegen 0.11/turn    (no ring)
                     (no ring)

%: no passive effects
@: beast-form, flying
A: beast (slay +2), almost no armour, amphibious, 8 rings, camouflage 1,
gelatinous body 1, (nimble swimmer 1), tentacles
a: Begin Untransformation, Renounce Religion


You were on level 6 of the Dungeon.
You worshipped Wu Jian.
Wu Jian was aware of your devotion.
You were a hulking beast.
You visited 2 branches of the dungeon, and saw 7 of its levels.
You also visited: Sewer.

You collected 425 gold pieces.
You spent 87 gold pieces at shops.

Inventory:

Hand Weapons
 h - a +1 dagger of venom
 j - the +2 spear of Nightmares {elec, rF+}
   (You found it on level 4 of the Dungeon)

   rF+:       It protects you from fire.
Missiles
 e - 6 boomerangs (quivered)
 t - 35 poisoned darts
Armour
 m - a +0 buckler (worn)
Jewellery
 l - a ring of ice
 u - a ring of flight (left tentacle)
Talismans
 b - a beast talisman
 c - a flux talisman
Wands
 n - a wand of polymorph (8)
Scrolls
 a - a scroll of enchant armour {unknown}
 g - a scroll of immolation {unknown}
 o - 3 scrolls of blinking
 q - a scroll of summoning {unknown}
Potions
 d - 4 potions of curing
 f - 3 potions of attraction
 i - a potion of might {unknown}
 k - 3 potions of mutation
 p - a potion of ambrosia {unknown}
 r - 2 potions of heal wounds
 s - 2 potions of haste {unknown}
 v - a potion of resistance {unknown}
 w - 4 potions of enlightenment


   Skills:
 + Level 3.4 Fighting
 + Level 4.4 Dodging
 + Level 4.6 Stealth
 + Level 1.4 Shields
 + Level 8.6 Unarmed Combat
 + Level 4.5 Shapeshifting


You had 7 spell levels left.
You didn't know any spells.
Your spell library contained the following spells:

 Spells                   Type           Power      Damage    Failure   Level
 Tukima's Dance           Hex            0%         N/A       77%         3
 Dimensional Bullseye     Hex/Tloc       0%         N/A       99%         4
 Iskenderun's Mystic Bla  Conj/Tloc      0%         2d3       99%         4


Dungeon Overview and Level Annotations

Branches:
Dungeon (6/15)             Temple (1/1) D:4           Sewer (visited)

Altars:
Ashenzari
Dithmenos
Elyvilon
Fedhas
Gozag
Hepliaklqana
Kikubaaqudgha
Makhleb
Nemelex Xobeh
Okawaru
Qazlal
Ru
Sif Muna
Trog
Uskayaw
Wu Jian
Xom
Yredelemnul
Zin
The Shining One

Shops:
D:3 :

Annotations:
D:2 1 runed translucent door, Crazy Yiuf
D:3 2 runed translucent doors, SecretSquirrel's ghost, weakling BaHu
Temple 2 transporters


Innate Abilities, Weirdness & Mutations

You are a hulking beast.
Your limbs bulge with bestial killing power. (Slay +2)
You cannot wear most types of armour.
You are amphibious.
You can wear up to eight rings at the same time.
Your skin changes colour to match your surroundings (Stealth+).
Your rubbery body absorbs attacks. (AC +1, EV +1)
((You are camouflaged when in or above water. (Stealth+)))
You have tentacles for arms and can constrict up to eight enemies at once.


Message History

You closely miss the steam dragon.
The steam dragon is lightly wounded.
The steam dragon bites you! The steam dragon claws you.
You closely miss the steam dragon.
The steam dragon is lightly wounded.
The steam dragon barely misses you. The steam dragon closely misses you.
You closely miss the steam dragon.
The steam dragon is lightly wounded.
The steam dragon barely misses you. The steam dragon closely misses you. x2
You block the steam dragon's attack.
You closely miss the steam dragon.
The steam dragon bites you but does no damage.
You block the steam dragon's attack.
The +2 spear of Nightmares {elec, rF+} stops crackling.
You are now empty-tentacled.
You barely miss the steam dragon. Your squeeze misses the steam dragon.
The steam dragon bites you. The steam dragon claws you.
You bludgeon the steam dragon! Your squeeze misses the steam dragon.
The steam dragon is moderately wounded.
The steam dragon breathes steam at you. The ball of steam misses you.
You spin and attack the steam dragon.
You tentacle-slap the steam dragon but do no damage.
You squeeze the steam dragon!
The steam dragon is heavily wounded.
The steam dragon closely misses you. The steam dragon claws you.
You tentacle-slap the steam dragon.
The steam dragon is severely wounded.
The steam dragon breathes steam at you. The ball of steam hits you!!
* * * LOW HITPOINT WARNING * * *
You feel much better.
You are engulfed in a cloud of scalding steam.
* * * LOW HITPOINT WARNING * * *
You block the steam dragon's attack. The steam dragon barely misses you.
You bludgeon the steam dragon!
You kill the steam dragon!
The Council accepts your kill.
You are engulfed in a cloud of scalding steam.
You die...

##.. ##..# #....
#... #####
#..#####.~≈##
#..##.#..§§§#
#####........§§≈#
##.......#.#...h~##
##........####.§†.≈#
#.......<.)######†~#
#..........##.# ..~#
#............##...~#
#..........###§...##
#..........# #≈..##
#......)..## #≈.#
....<......# #≈.


There were no monsters in sight!

Vanquished Creatures
  3 steam dragons (D:6)
  Menkaure (D:5)
  2 ice beasts
  A black bear (D:5)
  An ogre (D:5)
  A centaur (D:6)
  A phantom (D:5)
  2 kobold brigands (Sewer)
  A scorpion (D:5)
  4 bombardier beetles
  A hound (D:5)
  An orc priest (D:5)
  Terence (D:2)
  An iguana (D:5)
  2 orc wizards (D:5)
  Robin (D:2)
  8 gnolls
  A river rat (Sewer)
  7 adders
  A white imp (D:5)
  A dart slug (D:5)
  6 orcs
  5 endoplasms
  6 giant cockroaches
  13 goblins
  9 hobgoblins
  A jackal (Sewer)
  7 quokkas
  3 ball pythons
  3 bats
  A frilled lizard (D:2)
  13 kobolds
  9 rats
118 creatures vanquished.

Notes
Turn   | Place    | Note
-------+----------+-------------------------------------------
     0 | D:1      | Crabhammer the Octopode Shapeshifter began the quest for
                  | the Orb.
     0 | D:1      | Reached XP level 1. HP: 13/13 MP: 1/1
   416 | D:1      | Reached XP level 2. HP: 18/18 MP: 2/2
   884 | D:2      | Noticed Robin
   984 | D:2      | Reached skill level 4 in Unarmed Combat
  1096 | D:2      | Reached XP level 3. HP: 23/23 MP: 3/3
  1169 | D:2      | Killed Robin
  1303 | D:2      | Reached XP level 4. HP: 22/28 MP: 4/4
  1426 | D:2      | Found a runed translucent door.
  1427 | D:2      | Noticed Crazy Yiuf
  1498 | D:2      | Noticed Terence
  1504 | D:2      | Killed Terence
  1505 | D:2      | Reached skill level 5 in Unarmed Combat
  1684 | D:3      | Found Adulopp's Book Boutique.
  1804 | D:3      | HP: 2/42 [poisoned by an adder]
  2195 | D:3      | Upgraded the game from 0.31-a0-1447-g87ca8d402b to
                  | 0.31-a0-1576-ga3383bade6
  2274 | D:3      | Found a shimmering altar of Xom.
  2311 | D:3      | Found a large runed translucent door.
  2311 | D:3      | Found a large runed translucent door.
  2312 | D:3      | Noticed SecretSquirrel's ghost (weakling BaHu)
  2574 | D:3      | Reached XP level 5. HP: 33/33 MP: 5/5
  2883 | D:4      | Identified the +1 chain mail of Proximity {rElec Str+3}
  3037 | D:4      | Reached skill level 6 in Unarmed Combat
  3114 | D:4      | Noticed an ice beast
  3119 | D:4      | Identified the +2 spear of Nightmares {elec, rF+}
  3483 | D:4      | Reached XP level 6. HP: 32/38 MP: 6/6
  3513 | D:4      | Found a staircase to the Ecumenical Temple.
  3519 | Temple   | Found a transporter.
  3519 | Temple   | Found a transporter.
  3519 | Temple   | Found a transporter.
  3519 | Temple   | Found a transporter.
  3519 | Temple   | Entered the Ecumenical Temple
  3536 | Temple   | Became a worshipper of the Wu Jian Council
  3644 | D:4      | Killed an ice beast
  3727 | D:5      | Entered Level 5 of the Dungeon
  3750 | D:5      | Noticed Menkaure
  3754 | D:5      | Killed Menkaure
  3755 | D:5      | Reached XP level 7. HP: 44/44 MP: 7/7
  4116 | D:5      | Reached skill level 7 in Unarmed Combat
  4319 | D:5      | Reached skill level 1 in Shields
  4428 | D:5      | Found Syar's CLEARANCE SALE!.
  4436 | D:5      | Bought a ring of flight for 87 gold pieces
  4818 | D:5      | Reached XP level 8. HP: 41/51 MP: 8/8
  4911 | D:5      | Reached skill level 1 in Stealth
  5482 | D:6      | Found a glowing drain.
  5486 | D:6      | Reached * piety under Wu Jian
  5504 | Sewer    | Entered a sewer
  5592 | Sewer    | Reached skill level 8 in Unarmed Combat
  5699 | Sewer    | Found a white marble altar of Elyvilon.
  5803 | D:6      | Engulfed by a cloud of steam

Illustrated notes

Levels and vault maps discovered:
D:1:      denvon_arrival_planthouse, layout_loops_corners, serial_bayou_lake_a
D:2:      layout_rooms, uniq_terence, uniq_robin, uniq_crazy_yiuf_cottage
D:3:      minmay_general_purpose_star, layout_loops_ring, amcnicky_altar_gilded,
          serial_shops, nicolae_diamond_shop, ebering_ghost_disaster_area
D:4:      layout_basic, minmay_temple_entry_enclosed_plants, serial_glass,
          glass_columns_b, glass_columns_c, glass_columns_b, glass_columns_a,
          glass_columns_a, glass_columns_b
D:5:      minmay_opposing_rooms, layout_basic, nicolae_shop_clearance,
          uniq_menkaure
D:6:      cheibrodos_steamvent, layout_rooms, kennysheep_slug_shrine,
          portal_sewer_entry_f
Temple:   hellmonk_temple_divided_pantheon

Skill      XL: |  1  2  3  4  5  6  7  8 |
---------------+-------------------------+-----
Unarmed Combat | 4 5 6 7 8 |  8.6
Fighting       | 2 3 |  3.4
Dodging        | 3 4 |  4.4
Shields        | 1 |  1.4
Shapeshifting  | 4 |  4.5
Stealth        | 4 |  4.6

Action                     |  1- 3 |  4- 6 |  7- 9 || total
---------------------------+-------+-------+-------++-------
  Melee: Unarmed           |    49 |       |    88 ||   137
         Constrict         |    15 |    19 |    25 ||    59
         Tentacles         |     9 |    19 |    26 ||    54
         Dagger            |     8 |    81 |    13 ||   102
         Punch             |       |     5 |    11 ||    16
         Spear             |       |    14 |     5 ||    19
  Throw: Boomerang         |       |     9 |     3 ||    12
         Dart              |       |       |     1 ||     1
Ability: Lunge             |       |     1 |    30 ||    31
         Whirlwind         |       |       |     2 ||     2
    Use: Scroll            |     3 |     4 |     2 ||     9
         Potion            |       |     2 |     4 ||     6
   Stab: Sleeping          |     4 |     6 |     6 ||    16
         Distracted        |     1 |     2 |       ||     3
 Armour: Skin              |    27 |    31 |    44 ||   102
  Dodge: Dodged            |    31 |    41 |    49 ||   121
  Block: Buckler           |       |     8 |    10 ||    18

Table legend: (Time is in decaauts)
 A = Elapsed time spent in this place.
 B = Non-inter-level travel time spent in this place.
 C = Inter-level travel time spent in this place.
 D = Time resting spent in this place.
 E = Time spent auto-exploring this place.
 F = Levels seen in this place.
 G = Mean time per level.
                   A        B        C        D        E       F      G
               +--------+--------+--------+--------+--------+-----+--------+
         Total |   5800 |   5448 |    352 |   1077 |   2459 |   8 |  725.0 |
       Dungeon |   5526 |   5178 |    348 |   1018 |   2430 |   6 |  921.0 |
        Temple |     34 |     30 |      4 |      0 |      0 |   1 |   34.0 |
         Sewer |    239 |    239 |      0 |     59 |     29 |   1 |  239.0 |
               +--------+--------+--------+--------+--------+-----+--------+

Top non-repeatable levels by time:
     D:5: 1618 daAuts
     D:3: 1118 daAuts
     D:1: 1015 daAuts
     D:4: 967 daAuts
     D:2: 705 daAuts
   Sewer: 239 daAuts
     D:6: 100 daAuts
  Temple: 34 daAuts
